 Dungeon Crawl Stone Soup version 0.01-2115-ge649c80b0b (webtiles) character file.

Game seed: 2100373585946940478, levelgen mode: deterministic

147 Lanoc the Slasher (level 5, -3/45 HPs) Minotaur Demonspawn. Began on June 5, 2020. Splashed by a jelly's acid (8 damage) ... on level 2 of the Dungeon. The game lasted 00:02:51 (1130 turns).

Lanoc the Slasher (Minotaur Demonspawn)             Turns: 1130, Time: 00:02:52

Health: -3/45      AC: -6    Str: 19    XL:     5 ^: 170
Magic:  6/6        EV: 12    Int:  9    God:
Gold:   94         SH:  6    Dex: 10    Spells: 5/6 levels left

rFire    + + .     Vision   .   a - +0 long sword
rCold    + . .     Gourm    .   c - +1 buckler {rN+}
rNeg     + . .     Faith    .   b - +0 leather armour
rPois    .         Spirit   .   (helmet restricted)
rElec    .         Reflect  .   e - scarf {rC+ rF+}
rCorr    .         Harm     .   (no gloves)
MR       .....                  (no boots)
Stlth    +.........             (no amulet)
HPRegen  0.25/turn              (no ring)
MPRegen  0.16/turn              (no ring)

@: corroded
A: retaliatory headbutt, hooves 1, horns 2, thin metallic scales 1, fire
resistance 1
a: no special abilities


You were on level 2 of the Dungeon.
You were hungry.

You visited 1 branch of the dungeon, and saw 2 of its levels.

You collected 94 gold pieces.

Inventory:

Weapons
 a - a +0 long sword (weapon) Shields
 c - a +1 buckler of positive energy (shield)
Armour
 b - a +0 leather armour (worn)
 e - a scarf of resistance (worn)
Scrolls
 f - a scroll of amnesia
 j - 2 scrolls of teleportation
 k - a scroll of enchantment
Potions
 g - a potion of might
 h - a potion of curing
 i - a potion of mutation
 l - a potion of cancellation
Comestibles
 d - a ration


   Skills:
 + Level 3.2 Fighting
 * Level 4.0 Long Blades
 + Level 1.7 Armour
 + Level 3.8 Dodging
 - Level 1.5 Stealth
 + Level 2.0 Shields
 - Level 1.3 Spellcasting
   Level 2.6 Invocations


You had 5 spell levels left.
You knew the following spells:

 Your Spells              Type           Power        Failure   Level  Hunger
a - Flame Tongue          Fire           0 (40)       50%         1    ##.....

Your spell library contained the following spells:

 Spells                   Type           Power        Failure   Level  Hunger
 Blink                    Tloc           N/A          63%         2    ###....
 Call Imp                 Summ           0 (100)      63%         2    ###....
 Slow                     Hex            0 (100)      63%         2    ###....
 Conjure Flame            Fire           0 (100)      86%         3    ####...
 Mephitic Cloud           Pois/Air       0 (100)      86%         3    ####...


Dungeon Overview and Level Annotations

Branches:
Dungeon (2/8)

Altars:


Innate Abilities, Weirdness & Mutations

You reflexively headbutt those who attack you in melee.
You have large cloven feet.
You have a pair of horns on your head.
You are partially covered in thin metallic scales. (AC +2)
You are heat resistant. (rF+)


Message History

The jelly barely misses you (0). You furiously retaliate!
You headbutt the jelly, but do no damage.
You hit the jelly but do no damage.
Your hands burn!
* * * LOW HITPOINT WARNING * * *
You kick the jelly, but do no damage.
You headbutt the jelly, but do no damage.
The jelly is severely wounded. (4/18) HP The bat hits you (1).
* * * LOW HITPOINT WARNING * * *
You block the jelly's attack.
An adder comes into view.
The adder hisses angrily.
You hit the jelly (2).
Your hands burn!
* * * LOW HITPOINT WARNING * * *
You headbutt the jelly, but do no damage.
The jelly is almost dead. (2/18) HP The bat misses you (0).
The jelly hits you (2).
* * * LOW HITPOINT WARNING * * *
You are splashed with acid (8)!
You die...

...≈≈≈≈≈........≈≈≈ PP
P≈.≈≈....≈.≈≈≈≈PP≈≈≈≈
≈≈PP≈.≈..≈≈..≈≈≈≈≈≈≈P≈≈≈
PP≈PP...≈≈≈.≈≈≈≈≈≈≈PP≈≈.
PPP≈P≈.≈≈≈≈..≈≈≈≈≈≈PP≈≈≈
≈≈≈≈≈≈≈≈≈≈≈≈.≈≈≈≈≈PPPP≈≈
≈≈≈≈≈≈.≈≈≈≈≈..≈≈≈≈P.P...
PP.SJbP≈≈P≈....P÷...≈.
#@.≈≈P†.#####.≈#≈#
##.≈≈.PP# #≈#.≈#≈
#...PPP##########
#≈≈≈†≈P#≈≈..≈# #
#≈≈≈≈≈P##....# #
#≈≈≈≈P.......# #
#≈≈≈PP.#######
##≈≈PP..#.....#
....≈≈PP.#.....# #


You could see a jelly, an adder and a bat.

Vanquished Creatures
  An adder (D:2)
  5 sewer rats
  8 cinder newts
  A worm (D:2)
  A dart slug (D:1)
  3 ball pythons (D:1)
  2 bats (D:1)
  A giant cockroach (D:1)
  5 goblins (D:1)
  A hobgoblin (D:1)
  2 kobolds (D:1)
  7 rats (D:1)
37 creatures vanquished.

Vanquished Creatures (others)
  A jelly (D:2)
1 creature vanquished.

Grand Total: 38 creatures vanquished

Notes
Turn   | Place    | Note
-------+----------+-------------------------------------------
     0 | D:1      | Lanoc the Minotaur Demonspawn began the quest for the Orb.
     0 | D:1      | Reached XP level 1. HP: 18/18 MP: 1/1
    88 | D:1      | Gained mutation: You are heat resistant. (rF+) [demonic
                  | ancestry]
    88 | D:1      | Reached XP level 2. HP: 22/25 MP: 3/3
   112 | D:1      | Reached skill level 3 in Long Blades
   324 | D:1      | Reached skill level 1 in Shields
   376 | D:1      | Reached skill level 1 in Armour
   376 | D:1      | Gained mutation: You have large cloven feet. [demonic
                  | ancestry]
   376 | D:1      | Reached XP level 3. HP: 29/30 MP: 4/4
   711 | D:2      | Gained mutation: You are partially covered in thin metallic
                  | scales. (AC +2) [demonic ancestry]
   711 | D:2      | Reached XP level 4. HP: 37/37 MP: 5/5
  1022 | D:2      | Reached skill level 4 in Long Blades
  1022 | D:2      | Reached XP level 5. HP: 19/45 MP: 6/6
  1130 | D:2      | Splashed by a jelly's acid

Levels and vault maps discovered:
D:1:      dpeg_arrival_stonehenge_8_columns, layout_basic
D:2:      layout_sewer, kennysheep_mini_moat, okawaru_trees_1,
          hangedman_feature_mirror, nicolae_alphabet_shops, minmay_crystal_room,
          uniq_terence

Skill      XL: |  1  2  3  4  5 |
---------------+----------------+-----
Long Blades    | 3 4 |  4.0
Shields        | 1 2 |  2.0
Armour         | 1 |  1.7
Fighting       | 3 |  3.2
Dodging        | |  3.8
Stealth        | |  1.5
Spellcasting   | |  1.3
Invocations    | |  2.6

Action                   |  1- 3 |  4- 6 || total
-------------------------+-------+-------++-------
Melee: Long sword        |    49 |    52 ||   101
       Headbutt          |     3 |     7 ||    10
       Kick              |     4 |    13 ||    17
  Use: Potion            |       |     1 ||     1
 Stab: Sleeping          |     3 |       ||     3
Armor: Leather armour    |     6 |     7 ||    13
Dodge: Dodged            |    42 |    37 ||    79
Block: Buckler           |    23 |    20 ||    43
       Rpst.: Long sword |    14 |    10 ||    24
